 Dungeon Sprint DCSS version 0.30-a0-964-gd452b5e7fa (webtiles) character file.

Game seed: 15765457927530705536

204762 fozzywoppz the End of an Era (level 18, -31/182 HPs)
             Began as a Demonspawn Monk on Mar 29, 2023.
             Was the Champion of Qazlal.
             Killed from afar by Lom Lobon (49 damage)
             ... with a great icy blast
             ... in the Dungeon (Sprint VII: "The Pits") on Mar 30, 2023.
             The game lasted 00:49:26 (6665 turns).

fozzywoppz the End of an Era (Demonspawn Monk)      Turns: 6665, Time: 00:49:27

Health: -31/182    AC: 32    Str: 25    XL:     18   Next: 2%
Magic:  21/26      EV: 34    Int: 16    God:    Qazlal [******]
Gold:   193        SH: 33    Dex: 29    Spells: 17/17 levels left

rFire   + + .      SeeInvis .      - Unarmed
rCold   + . .      Faith    .    C - +0 buckler {rF+}
rNeg    . . .      Spirit   .    V - +2 plate armour {rF+}
rPois   +          Reflect  +    n - +4 helmet
rElec   .          Rampage  .    B - +4 cloak
rCorr   +          NoTele   +    (gloves unavailable)
Will    +....                    (no boots) Stlth
                                 I - amulet "Garhe" {Reflect rPois rCorr MP-9 Str+6 SH+5}
HPRegen 0.50/turn                L - ring "Lapinlan" {rPois Str+3 Int+5 Dex+6}
MPRegen 0.40/turn                T - ring "Notwouh" {rC+ EV+5 Dex+3}

@: flying (expiring), hasted, repel missiles, very quick
A: large bone plates 3, spiny 3, augmentation 1, magic regeneration, demonic
touch 3
}: 1/3 runes: silver
a: Renounce Religion, Upheaval, Elemental Force, Disaster Area


You were in the Dungeon.
You worshipped Qazlal.
Qazlal was exalted by your worship.
You visited 1 branch You collected 193 gold pieces.

Inventory:

Hand Weapons
 E - the +8 demon blade "Leech" {evervamp, Harm Drain rN+}
   (You found it in the Dungeon)

   rN:        It protects you from negative energy.
   Drain:     It drains your maximum health when unequipped.
   Harm:      It increases damage dealt and taken.
Armour
 n - a +4 helmet (worn)
 B - a +4 cloak (worn)
 C - a +0 buckler of fire resistance (worn)
 F - a +2 tower shield of reflection
 V - a +2 plate armour of fire resistance (worn)
Jewellery
 a - the ring "Riyleg" {Wiz Fly rPois rCorr Str-4}
   (You found it in the Dungeon)

   [ring of wizardry]

   It improves your spell success rate.
   Str:       It affects your strength (-4).
   rPois:     It protects you from poison.
   Fly:       It grants you flight.
   rCorr:     It protects you from acid and corrosion.
 l - the amulet "Wuigo" {rF+ rC+ Regen+ Int+3 Dex-4}
   (You found it in the Dungeon)

   [amulet of regeneration]

   Int:       It affects your intelligence (+3).
   Dex:       It affects your dexterity (-4).
   rF:        It protects you from fire.
   rC:        It protects you from cold.
   Regen:     It increases your rate of health regeneration.
 o - the amulet "Bathag" {Acrobat Rampage Str+3 SInv}
   (You took it off a vampire in the Dungeon)

   [amulet of the acrobat]

   It increases your evasion while moving and waiting.
   Str:       It affects your strength (+3).
   SInv:      It lets you see invisible.
   Rampage:   It bestows one free step when moving towards enemies.
 q - the ring "Tedayjit" {*Slow Will+ rCorr Dex+4 Slay+3}
   (You found it in the Dungeon)

   [ring of resist corrosion]

   Dex:       It affects your dexterity (+4).
   Slay:      It affects your accuracy & damage with ranged weapons and melee
   (+3).
   rCorr:     It protects you from acid and corrosion.
   *Slow:     It may slow you when you take damage.
   Will:      It increases your willpower.
 y - the ring of Fiud {rPois rC+++ rN+ Str+3 Stlth-}
   (You found it in the Dungeon)

   [ring of positive energy]

   Str:       It affects your strength (+3).
   rC:        It renders you almost immune to cold.
   rPois:     It protects you from poison.
   rN:        It protects you from negative energy.
   Stlth:     It makes you less stealthy.
 D - the ring of the Hero {Wiz +Blink Will+ Dex+3}
   (You found it in the Dungeon)

   [ring of wizardry]

   It improves your spell success rate.
   Dex:       It affects your dexterity (+3).
   +Blink:    It lets you blink.
   Will:      It increases your willpower.
 H - the ring "Fiefap" {rElec rF+ Will- Int+6 Dex+7}
   (You found it in the Dungeon)

   [ring of intelligence]

   Int:       It affects your intelligence (+6).
   Dex:       It affects your dexterity (+7).
   rF:        It protects you from fire.
   rElec:     It insulates you from electricity.
   Will:      It decreases your willpower.
 I - the amulet "Garhe" (around neck) {Reflect rPois rCorr MP-9 Str+6 SH+5}
   (You found it in the Dungeon)

   [amulet of reflection]

   It reflects blocked missile attacks.
   Str:       It affects your strength (+6).
   rPois:     It protects you from poison.
   MP:        It affects your magic capacity (-9).
   rCorr:     It protects you from acid and corrosion.
   SH:        It affects your SH (+5).
 J - the ring "Ulye" {Will+ AC+6}
   (You found it in the Dungeon)

   [ring of protection]

   AC:        It affects your AC (+6).
   Will:      It increases your willpower.
 L - the ring "Lapinlan" (left hand) {rPois Str+3 Int+5 Dex+6}
   (You found it in the Dungeon)

   [ring of dexterity]

   Str:       It affects your strength (+3).
   Int:       It affects your intelligence (+5).
   Dex:       It affects your dexterity (+6).
   rPois:     It protects you from poison.
 M - the ring "Qiquoh" {rElec rPois rC+ Dex+2 SInv}
   (You found it in the Dungeon)

   [ring of see invisible]

   Dex:       It affects your dexterity (+2).
   rC:        It protects you from cold.
   rElec:     It insulates you from electricity.
   rPois:     It protects you from poison.
   SInv:      It lets you see invisible.
 N - the ring "Zaofyil" {rF+ rC+ rN+ Str+3}
   (You found it in the Dungeon)

   [ring of protection from fire]

   Str:       It affects your strength (+3).
   rF:        It protects you from fire.
   rC:        It protects you from cold.
   rN:        It protects you from negative energy.
 O - the amulet of the Thirteen Places {Faith +Blink rF++ rN+ Will-}
   (You found it in the Dungeon)

   [amulet of faith]

   It allows you to gain divine favour quickly.
   rF:        It greatly protects you from fire.
   rN:        It protects you from negative energy.
   +Blink:    It lets you blink.
   Will:      It decreases your willpower.
 P - the ring of Zin's Felicitations {rF+ rCorr Dex+3 SInv}
   (You found it in the Dungeon)

   [ring of see invisible]

   Dex:       It affects your dexterity (+3).
   rF:        It protects you from fire.
   SInv:      It lets you see invisible.
   rCorr:     It protects you from acid and corrosion.
 Q - the ring "Pitreog" {rElec rCorr AC+4}
   (You found it in the Dungeon)

   [ring of protection]

   AC:        It affects your AC (+4).
   rElec:     It insulates you from electricity.
   rCorr:     It protects you from acid and corrosion.
 R - the amulet "Fiats" {Spirit rN++ Dex+2 Stlth+}
   (You found it in the Dungeon)

   [amulet of guardian spirit]

   It causes incoming damage to be divided between your reserves of health and
   magic.
   Dex:       It affects your dexterity (+2).
   rN:        It greatly protects you from negative energy.
   Stlth:     It makes you more stealthy.
 S - the ring of Wuegoed {rCorr Dex+6}
   (You found it in the Dungeon)

   [ring of dexterity]

   Dex:       It affects your dexterity (+6).
   rCorr:     It protects you from acid and corrosion.
 T - the ring "Notwouh" (right hand) {rC+ EV+5 Dex+3}
   (You found it in the Dungeon)

   [ring of evasion]

   EV:        It affects your evasion (+5).
   Dex:       It affects your dexterity (+3).
   rC:        It protects you from cold.
 U - the ring of Hoogg {Ice Int+4 Stlth+}
   (You found it in the Dungeon)

   [ring of ice]

   It enhances your ice magic.
   Int:       It affects your intelligence (+4).
   rF:        It makes you vulnerable to fire.
   rC:        It protects you from cold.
   Stlth:     It makes you more stealthy.
 W - the ring "Becorghu Yhap" {rN+++ EV+5 Str-2 Int-3 Dex+2}
   (You found it in the Dungeon)

   [ring of evasion]

   EV:        It affects your evasion (+5).
   Str:       It affects your strength (-2).
   Int:       It affects your intelligence (-3).
   Dex:       It affects your dexterity (+2).
   rN:        It renders you almost immune to negative energy.
 X - the ring of Amelioration {Drain rN+ Will+ MP+9}
   (You found it in the Dungeon)

   [ring of magical power]

   rN:        It protects you from negative energy.
   MP:        It affects your magic capacity (+9).
   Drain:     It drains your maximum health when unequipped.
   Will:      It increases your willpower.
 Y - the ring of Bivofecs {Wiz Dex+3}
   (You found it in the Dungeon)

   [ring of wizardry]

   It improves your spell success rate.
   Dex:       It affects your dexterity (+3).
 Z - the ring "Jedabomu" {Wiz rN+}
   (You found it in the Dungeon)

   [ring of wizardry]

   It improves your spell success rate.
   rN:        It protects you from negative energy.
Wands
 r - a wand of iceblast (6)
Scrolls
 h - 3 scrolls of blinking
 j - 6 scrolls of amnesia
 k - a scroll of butterflies
 m - a scroll of enchant armour
 s - 2 scrolls of fear
 u - 5 scrolls of identify
 v - 9 scrolls of fog
 w - 2 scrolls of enchant weapon
 x - 3 scrolls of silence
 z - 2 scrolls of magic mapping
Potions
 b - 3 potions of ambrosia
 c - 21 potions of curing
 d - 20 potions of heal wounds
 e - 2 potions of haste
 f - 8 potions of magic
 g - 8 potions of berserk rage
 i - 2 potions of invisibility
 p - 7 potions of mutation
 t - 6 potions of brilliance
Miscellaneous
 A - a lightning rod (4/4)
 G - a lightning rod (4/4)


   Skills:
 O Level 27 Fighting
 - Level 19.8 Armour
 + Level 25.2 Dodging
 - Level 3.0 Stealth
 + Level 23.6 Shields
 O Level 27 Unarmed Combat
 O Level 27 Invocations


You had 17 spell levels left.
You didn't know any spells.
Your spell library contained the following spells:

 Spells                   Type           Power      Damage    Failure   Level
 Beastly Appendage        Tmut           0%         N/A       80%         1
 Magic Dart               Conj           0%         1d3       80%         1
 Shock                    Conj/Air       0%         1d3       80%         1
 Blink                    Tloc           0%         N/A       91%         2
 Cigotuvi's Dreadful Rot  Necr/Pois/Air  0%         N/A       91%         2
 Lesser Beckoning         Tloc           0%         N/A       91%         2
 Momentum Strike          Conj/Tloc      0%         3d8       91%         2
 Poisonous Vapours        Pois/Air       0%         N/A       91%         2
 Searing Ray              Conj           0%         2d4       91%         2
 Sublimation of Blood     Necr           0%         N/A       91%         2
 Wereblood                Tmut           0%         N/A       91%         2
 Dazzling Flash           Conj/Hex       0%         N/A       99%         3
 Gell's Gravitas          Tloc           0%         N/A       99%         3
 Hailstorm                Conj/Ice       0%         3d3       99%         3
 Ignite Poison            Fire/Tmut/Pois 0%         N/A       99%         3
 Kindle Blastsparks       Fire/Tloc/Air  0%         2d10      99%         3
 Mephitic Cloud           Conj/Pois/Air  0%         N/A       99%         3
 Ozocubu's Armour         Ice            0%         N/A       99%         3
 Portal Projectile        Hex/Tloc       0%         N/A       99%         3
 Spider Form              Tmut/Pois      0%         N/A       99%         3
 Swiftness                Air            0%         N/A       99%         3
 Teleport Other           Tloc           0%         N/A       99%         3
 Tukima's Dance           Hex            0%         N/A       99%         3
 Airstrike                Air            0%         2d(0-16)  100%        4
 Anguish                  Hex/Necr       0%         N/A       100%        4
 Dispel Undead            Necr           0%         3d6       100%        4
 Fulminant Prism          Conj/Hex       0%         3d5       100%        4
 Ice Form                 Ice/Tmut       0%         N/A       100%        4
 Iskenderun's Mystic Bla  Conj/Tloc      0%         2d3       100%        4
 Sticky Flame             Conj/Fire      0%         2d3       100%        4
 Agony                    Necr           0%         N/A       100%        5
 Blade Hands              Tmut           0%         N/A       100%        5
 Freezing Cloud           Conj/Ice/Air   0%         6-21      100%        5
 Irradiate                Conj/Tmut      0%         3d11      100%        5
 Lee's Rapid Deconstruct  Erth           0%         3d4*      100%        5
 Metabolic Englaciation   Hex/Ice        0%         N/A       100%        5
 Silence                  Hex/Air        0%         N/A       100%        5
 Summon Mana Viper        Hex/Summ       0%         N/A       100%        5
 Death Channel            Necr           0%         N/A       100%        6
 Simulacrum               Ice/Necr       0%         N/A       100%        6
 Dragon Form              Tmut           0%         N/A       100%        7
 Enfeeble                 Hex            0%         N/A       100%        7
 Summon Hydra             Summ           0%         N/A       100%        7
 Ignition                 Fire           0%         3d3       100%        8


Dungeon Overview and Level Annotations

Branches:
Dungeon (1/1)

Altars:
Ashenzari
Cheibriados
Dithmenos
Fedhas
Gozag
Hepliaklqana
Kikubaaqudgha
Makhleb
Nemelex Xobeh
Okawaru
Qazlal
Ru
Sif Muna
Trog
Uskayaw
Vehumet
Wu Jian
Xom
Yredelemnul
Jiyva
Lugonu

Annotations:
D Lom Lobon, Mara


Innate Abilities, Weirdness & Mutations

You are completely covered in large bone plates. (SH +8)
You are completely covered in sharp spines.
Your magical and physical power is slightly enhanced at high health.
You regenerate magic rapidly.
Your touch may irresistibly damage your foes and sap their willpower.


Message History

A ball lightning comes into view.
You miss Lom Lobon.
Lom Lobon is severely wounded.
A ball lightning comes into view.
The ball lightning explodes!
The blast of lightning engulfs Lom Lobon.
Lom Lobon completely resists.
The blast of lightning engulfs the ball lightning.
The ball lightning completely resists.
The blast of lightning engulfs you!!!
* * * LOW HITPOINT WARNING * * *
The blast of lightning engulfs Mara!!!
You feel yourself speed up.
The ball lightning explodes!
The blast of lightning engulfs Lom Lobon.
Lom Lobon completely resists.
The blast of lightning engulfs you!!!
* * * LOW HITPOINT WARNING * * *
The blast of lightning engulfs Mara!!
Mara blinks!
Lom Lobon gestures.
A freezing vortex appears around Lom Lobon!
Okay, then.
Blink to where?
Press: ? - help, Dir - move target
Okay, then.
You feel much better. The freezing vortex lifts you up.
You fly up into the air.
* * * LOW HITPOINT WARNING * * *
The vault guard completely misses you.
A blizzard demon opens the door.
You block Lom Lobon's attack.
Unknown command.
You punch Lom Lobon!
Lom Lobon is severely wounded.
Unknown command.
You pummel Lom Lobon!!
Lom Lobon is severely wounded.
* * * LOW HITPOINT WARNING * * *
You block the vault guard's attack. Lom Lobon gestures at you.
Lom Lobon conjures a mighty blast of ice!
The great icy blast engulfs you!!! You partially resist.
You die...

# ####p###.# #R'R.)'.≈≈ ####
#p##≈###[## ###†'# ##@###
#.###.###. #&#).## #'.##'.†#
#§#.○.2. #...#...#
##§#.###.###.)##.##
##.###.###.###).##.
#...'..†'.......##'
##.###.###.###.##.# ### ### ###
######
++###############################


You could see Lom Lobon (vortex), Mara, a vault guard and a blizzard demon.

Vanquished Creatures
  Antaeus (D)
  Dissolution (D)
  the Serpent of Hell (D)
  3 orbs of fire (D)
  2 pandemonium lords (D)
  A royal mummy (D)
  Boris (D)
  Xtahua (D)
  Frederick (D)
  the Lernaean hydra (D)
  A curse toe (D)
  A Killer Klown (D)
  A bone dragon (D)
  2 profane servitors (D)
  3 Brimstone Fiends (D)
  A pearl dragon (D)
  A Tzitzimitl (D)
  An electric golem (D)
  2 Hell Sentinels (D)
  A tentacled monstrosity (D)
  A lich (D)
  2 deep elf blademasters (D)
  2 Ice Fiends (D)
  4 titans (D)
  A sphinx (D)
  3 deep elf master archers (D)
  Agnes (D)
  A rockslime (D)
  3 nagarajas (D)
  A shadow dragon (D)
  3 daevas (D)
  A storm dragon (D)
  5 fire giants (D)
  A frost giant (D)
  An azure jelly (D)
  Ilsuiw (D)
  A deep elf sorcerer (D)
  3 draconian scorchers (D)
  A draconian shifter (D)
  A draconian stormcaller (D)
  3 iron dragons (D)
  Louise (D)
  A ghoul (D)
  A cacodemon (D)
  4 orc warlords (D)
  An ophan (D)
  2 draconian annihilators (D)
  A spriggan defender (D)
  2 angels (D)
  3 vampire knights (D)
  2 apis (D)
  2 green draconians (D)
  2 deep elf annihilators (D)
  2 deep elf demonologists (D)
  2 lorocyprocas (D)
  2 yellow draconians (D)
  2 black draconians (D)
  A dire elephant (D)
  A minotaur (D)
  2 red draconians (D)
  A white draconian (D)
  2 purple draconians (D)
  3 blizzard demons (D)
  A mummy priest (D)
  2 deep elf death magi (D)
  4 green deaths (D)
  A yaktaur captain (D)
  An ettin (D)
  2 eidola (D)
  2 deep elf high priests (D)
  2 rakshasas (D)
  4 great orbs of eyes (D)
  Erolcha (D)
  A vault guard (D)
  An ice dragon (D)
  4 anacondas (D)
  A hell beast (D)
  A merfolk avatar (D)
  2 dancing weapons (D)
  An ogre mage (D)
  An alligator snapping turtle (D)
  3 hell hogs (D)
  2 boulder beetles (D)
  7 vampire magi (D)
  2 naga warriors (D)
  3 hell knights (D)
  Sonja (D)
  A sun demon (D)
  2 deep elf knights (D)
  9 skeletal warriors (D)
  7 flayed ghosts (D)
  3 swamp dragons (D)
  A spriggan druid (D)
  A sea snake (shapeshifter) (D)
  A bog body (D)
  A sea snake (D)
  3 wizards (D)
  A deep troll (D)
  A phantasmal warrior (D)
  A necromancer (D)
  5 harpies (D)
  15 orc knights (D)
  A wolf spider (D)
  A deep elf zephyrmancer (D)
  A cyclops (D)
  A deep elf pyromancer (D)
  2 ugly things (D)
  A manticore (D)
  2 guardian serpents (D)
  2 merfolk sirens (D)
  6 elephants (D)
  An eye of devastation (D)
  2 orange demons (D)
  A hellion (D)
  A naga mage (D)
  A cane toad (D)
  An ice devil (D)
  5 yaktaurs (D)
  A komodo dragon (D)
  2 freezing wraiths (D)
  A tormentor (D)
  2 wandering mushrooms (D)
  A troll (D)
  A merfolk (D)
  2 red devils (D)
  4 hornets (D)
  A tarantella (D)
  A snapping turtle (D)
  A snapping turtle (shapeshifter) (D)
  A flying skull (D)
  An air elemental (D)
  A ynoxinul (D)
  3 jumping spiders (D)
  3 vampires (D)
  2 shadows (D)
  6 wraiths (D)
  4 spriggans (D)
  A wyvern (D)
  A fire bat (D)
  A fire elemental (D)
  3 golden eyes (D)
  2 vampire mosquitoes (D)
  3 chaos spawn (D)
  2 redbacks (D)
  An acid dragon (D)
  A warg (D)
  A water moccasin (D)
  3 floating eyes (D)
  5 orc warriors (D)
  An ice beast (D)
  A centaur (D)
  14 wolves (D)
  A small abomination (D)
  A gnoll sergeant (D)
  3 earth elementals (D)
  A necrophage (D)
  2 scorpions (D)
  A jelly (D)
  6 orc priests (D)
  2 orc wizards (D)
  A hell rat (D)
  3 adders (D)
  5 gnolls (D)
  A river rat (D)
  3 white imps (D)
  3 adder zombies (D)
  3 adder skeletons (D)
  A worm (D)
  3 adder simulacra (D)
  6 orcs (D)
  A ball python (D)
  2 bat skeletons (D)
  3 bat zombies (D)
  An endoplasm (D)
  A giant cockroach (D)
  A hobgoblin (D)
  5 jackals (D)
  2 quokkas (D)
  4 ball python simulacra (D)
  2 ball python skeletons (D)
  A ball python zombie (D)
  A bat (D)
  A bat simulacrum (D)
  A giant cockroach simulacrum (D)
  A giant cockroach zombie (D)
  A jackal zombie (D)
  3 kobolds (D)
  2 quokka simulacra (D)
  A rat (D)
396 creatures vanquished.

Vanquished Creatures (collateral kills)
  2 redbacks (D)
2 creatures vanquished.

Vanquished Creatures (others)
  A draconian knight (D)
  2 ball lightnings (D)
3 creatures vanquished.

Grand Total: 401 creatures vanquished

Notes
Turn   | Place    | Note
-------+----------+-------------------------------------------
     0 | D        | fozzywoppz the Demonspawn Monk began the quest for the Orb.
     0 | D        | Reached XP level 1. HP: 18/18 MP: 1/1
    21 | D        | Found a bloodstained altar of Trog.
    21 | D        | Found a shimmering blue altar of Sif Muna.
    21 | D        | Found a viscous altar of Jiyva.
    21 | D        | Found a hazy altar of Hepliaklqana.
    21 | D        | Found an opulent altar of Gozag.
    22 | D        | Found a basalt altar of Yredelemnul.
    22 | D        | Found a shimmering altar of Xom.
    22 | D        | Found an ornate altar of the Wu Jian Council.
    22 | D        | Found a sacrificial altar of Ru.
    22 | D        | Found a stormy altar of Qazlal.
    22 | D        | Found an iron altar of Okawaru.
    22 | D        | Found a sparkling altar of Nemelex Xobeh.
    22 | D        | Found a burning altar of Makhleb.
    22 | D        | Found a blossoming altar of Fedhas.
    22 | D        | Found a shadowy altar of Dithmenos.
    22 | D        | Found a snail-covered altar of Cheibriados.
    24 | D        | Found a corrupted altar of Lugonu.
    24 | D        | Found a radiant altar of Vehumet.
    48 | D        | Found an ancient bone altar of Kikubaaqudgha.
    48 | D        | Found a hide-covered altar of Uskayaw.
    48 | D        | Found a broken altar of Ashenzari.
    54 | D        | Became a worshipper of Qazlal Stormbringer
    54 | D        | Reached * piety under Qazlal
    54 | D        | Reached ** piety under Qazlal
    82 | D        | Gained mutation: You are partially covered in sharp spines.
                  | [demonic ancestry]
    82 | D        | Reached XP level 2. HP: 8/24 MP: 2/2
   151 | D        | Noticed a floating eye
   152 | D        | Reached *** piety under Qazlal
   154 | D        | Killed a floating eye
   155 | D        | Reached skill level 5 in Fighting
   155 | D        | Reached skill level 5 in Dodging
   155 | D        | Reached skill level 5 in Unarmed Combat
   155 | D        | Reached XP level 3. HP: 25/34 MP: 3/3
   155 | D        | Gained mutation: Your touch may inflict minor irresistible
                  | damage on your foes. [demonic ancestry]
   155 | D        | Reached XP level 4. HP: 30/40 MP: 4/4
   198 | D        | Reached XP level 5. HP: 33/46 MP: 5/5
   199 | D        | Reached **** piety under Qazlal
   211 | D        | Reached ***** piety under Qazlal
   365 | D        | Gained mutation: You are mostly covered in sharp spines.
                  | [demonic ancestry]
   365 | D        | Reached XP level 6. HP: 56/56 MP: 1/9
   371 | D        | Reached skill level 5 in Invocations
   442 | D        | Noticed a flying skull
   452 | D        | Killed a flying skull
   453 | D        | Reached XP level 7. HP: 37/63 MP: 10/12
   540 | D        | Noticed an ice devil
   549 | D        | Killed an ice devil
   563 | D        | Noticed a fire bat
   566 | D        | Killed a fire bat
   628 | D        | Noticed a vampire mosquito
   634 | D        | Reached ****** piety under Qazlal
   635 | D        | Gained mutation: You are partially covered in large bone
                  | plates. (SH +4) [demonic ancestry]
   635 | D        | Reached XP level 8. HP: 68/72 MP: 14/14
   638 | D        | Reached skill level 10 in Fighting
   645 | D        | Reached skill level 10 in Invocations
   659 | D        | Reached skill level 10 in Dodging
   659 | D        | Reached skill level 10 in Unarmed Combat
   795 | D        | Noticed a sea snake
   810 | D        | Killed a sea snake
   811 | D        | Gained mutation: You regenerate magic rapidly. [demonic
                  | ancestry]
   811 | D        | Reached XP level 9. HP: 79/79 MP: 14/17
   828 | D        | Noticed a bog body
   828 | D        | Noticed a boulder beetle
   828 | D        | Noticed a swamp dragon
   832 | D        | Killed a swamp dragon
   835 | D        | Killed a boulder beetle
   837 | D        | Killed a bog body
   838 | D        | Reached skill level 5 in Armour
   838 | D        | Gained mutation: You are completely covered in sharp
                  | spines. [demonic ancestry]
   838 | D        | Reached XP level 10. HP: 77/88 MP: 8/20
   877 | D        | Noticed a deep elf zephyrmancer
   879 | D        | Noticed a manticore
   881 | D        | Killed a deep elf zephyrmancer
   885 | D        | Killed a manticore
   904 | D        | Noticed a wizard
   904 | D        | Noticed a cyclops
   906 | D        | Killed a wizard
   915 | D        | Killed a cyclops
   957 | D        | Noticed an orange demon
   957 | D        | Noticed Erolcha
   959 | D        | Killed Erolcha
   961 | D        | Killed an orange demon
   962 | D        | Reached skill level 15 in Invocations
  1031 | D        | Gained mutation: Your touch may inflict irresistible damage
                  | on your foes. [demonic ancestry]
  1031 | D        | Reached XP level 11. HP: 98/98 MP: 13/22
  1262 | D        | Acquired a manual of Armour
  1360 | D        | Noticed a wolf spider
  1366 | D        | Noticed a sun demon
  1368 | D        | Killed a wolf spider
  1372 | D        | Identified the staff of cold "Xuuhaaz" {rC+ Str+2}
  1372 | D        | Noticed a minotaur
  1374 | D        | Killed a sun demon
  1374 | D        | Noticed an anaconda
  1383 | D        | Killed a minotaur
  1384 | D        | Reached skill level 10 in Armour
  1389 | D        | Noticed a deep troll
  1394 | D        | Killed a deep troll
  1399 | D        | Killed an anaconda
  1575 | D        | Noticed a phantasmal warrior
  1579 | D        | Noticed a spriggan rider
  1589 | D        | Killed a phantasmal warrior
  1602 | D        | Killed a spriggan rider
  1606 | D        | Gained mutation: You are mostly covered in large bone
                  | plates. (SH +6) [demonic ancestry]
  1606 | D        | Reached XP level 12. HP: 47/108 MP: 24/24
  1913 | D        | Noticed a profane servitor
  1913 | D        | Noticed a hell hog
  1913 | D        | Noticed a hell hog
  1914 | D        | Noticed an eidolon
  1914 | D        | Noticed a hell hog
  1914 | D        | Identified the ring "Ytolaen" {rPois rF- rC+ Slay+2}
  1914 | D        | Noticed a yellow draconian
  1914 | D        | Noticed a fire giant
  1914 | D        | Found the +8 demon blade "Leech" {evervamp, Harm Drain rN+}
  1918 | D        | Killed a hell hog
  1919 | D        | Reached skill level 1 in Shields
  1928 | D        | Killed a hell hog
  1928 | D        | Killed a hell hog
  1929 | D        | Reached skill level 15 in Fighting
  1936 | D        | Killed a fire giant
  1936 | D        | Killed an eidolon
  1936 | D        | Killed a profane servitor
  1937 | D        | Reached skill level 15 in Unarmed Combat
  1939 | D        | Killed a yellow draconian
  1940 | D        | Reached skill level 5 in Shields
  2149 | D        | Noticed a rakshasa
  2150 | D        | Noticed an anaconda
  2153 | D        | Killed an anaconda
  2153 | D        | Killed a rakshasa
  2177 | D        | Noticed Sonja
  2179 | D        | Killed Sonja
  2250 | D        | Noticed an eidolon
  2253 | D        | Noticed a great orb of eyes
  2260 | D        | Killed an eidolon
  2265 | D        | Killed a great orb of eyes
  2359 | D        | Noticed an orc warlord
  2359 | D        | Noticed an orc warlord
  2359 | D        | Noticed a merfolk avatar
  2359 | D        | Noticed an anaconda
  2360 | D        | Killed an anaconda
  2360 | D        | Killed an orc warlord
  2361 | D        | Reached XP level 13. HP: 119/119 MP: 17/27
  2361 | D        | Noticed the 27-headed Lernaean hydra
  2361 | D        | Noticed a green death
  2363 | D        | Killed an orc warlord
  2363 | D        | Killed a green death
  2364 | D        | Reached skill level 15 in Armour
  2371 | D        | Killed the 27-headed Lernaean hydra
  2389 | D        | Reached skill level 10 in Shields
  2626 | D        | Noticed a red draconian
  2629 | D        | Noticed a deep elf demonologist
  2631 | D        | Killed a deep elf demonologist
  2632 | D        | Gained mutation: Your touch may irresistibly damage your
                  | foes and sap their willpower. [demonic ancestry]
  2632 | D        | Reached XP level 14. HP: 118/131 MP: 16/29
  2635 | D        | Noticed Boris
  2636 | D        | Noticed a red draconian scorcher
  2656 | D        | Killed a red draconian scorcher
  2670 | D        | Killed Boris
  2739 | D        | Noticed a deep elf sorcerer
  2745 | D        | Killed a deep elf sorcerer
  2752 | D        | Noticed a nagaraja
  2755 | D        | Noticed a daeva
  2757 | D        | Killed a nagaraja
  2757 | D        | Killed a daeva
  2759 | D        | Noticed a shadow dragon
  2761 | D        | Noticed an orc warlord
  2787 | D        | Killed a shadow dragon
  2791 | D        | Killed an orc warlord
  2865 | D        | Noticed a sphinx
  2872 | D        | Killed a sphinx
  2948 | D        | Got the amulet "Wuigo" {rF+ rC+ Regen+ Int+3 Dex-4}
  2950 | D        | Got the amulet "Otzaogh" {Spirit Fly rPois rC- rCorr}
  2952 | D        | Got the amulet "Garhe" {Reflect rPois rCorr MP-9 Str+6
                  | SH+5}
  2954 | D        | Got the amulet "Cezxel" {Faith Rampage Drain rCorr Int+2}
  2956 | D        | Got the ring "Sydduush" {Will+ SInv}
  2959 | D        | Got the amulet of Domehuwk {Faith +Inv rF+ rN+}
  2961 | D        | Got the ring "Qiquoh" {rElec rPois rC+ Dex+2 SInv}
  2963 | D        | Got the amulet "Owing" {Faith Int+4}
  2965 | D        | Got the amulet of the Thirteen Places {Faith +Blink rF++
                  | rN+ Will-}
  2967 | D        | Got the amulet "Ohog Hyo" {RegenMP Int+3}
  2970 | D        | Got the ring "Pitreog" {rElec rCorr AC+4}
  2972 | D        | Got the amulet "Fiats" {Spirit rN++ Dex+2 Stlth+}
  2974 | D        | Got the ring "Yqick" {rF- Will+ AC+4 Str+3 Dex+2}
  2976 | D        | Got the ring "Notwouh" {rC+ EV+5 Dex+3}
  3017 | D        | Got the ring of Orugg {rPois rF- Will+ Str+2 Int+3}
  3019 | D        | Got the ring of Losiseng {Ice Str+2}
  3021 | D        | Got the ring of Oenomania {Ice Str-3 Slay+6 SInv}
  3023 | D        | Got the ring of Fiud {rPois rC+++ rN+ Str+3 Stlth-}
  3025 | D        | Got the ring "Awkimem" {rF- rC+ rCorr Str+3}
  3027 | D        | Got the ring of the Hero {Wiz +Blink Will+ Dex+3}
  3029 | D        | Got the ring "Fiefap" {rElec rF+ Will- Int+6 Dex+7}
  3031 | D        | Got the ring "Ulye" {Will+ AC+6}
  3033 | D        | Got the ring "Lapinlan" {rPois Str+3 Int+5 Dex+6}
  3035 | D        | Got the ring "Zaofyil" {rF+ rC+ rN+ Str+3}
  3037 | D        | Got the ring of Zin's Felicitations {rF+ rCorr Dex+3 SInv}
  3039 | D        | Got the ring of Zyanahac {+Blink Will+ Int+6}
  3041 | D        | Got the ring of Xeniqaoh {Str-4 Int+5 SInv}
  3043 | D        | Got the ring of Agiemimp {Ice Str+5}
  3135 | D        | Noticed Agnes
  3135 | D        | Noticed Ilsuiw
  3137 | D        | Killed Agnes
  3137 | D        | Killed Ilsuiw
  3142 | D        | Identified the +9 demon blade "Hizujicw" {venom, Str+2
                  | Dex+3 SInv}
  3142 | D        | Identified the +4 arbalest of Doom {heavy, Will- Int+3
                  | Dex+2}
  3142 | D        | Identified the amulet "Bathag" {Acrobat Rampage Str+3 SInv}
  3174 | D        | Noticed a nagaraja
  3180 | D        | Killed a nagaraja
  3191 | D        | Paralysed by an air elemental for 1 turns
  3200 | D        | Gained mutation: You are completely covered in large bone
                  | plates. (SH +8) [demonic ancestry]
  3200 | D        | Reached XP level 15. HP: 69/144 MP: 13/31
  3231 | D        | Noticed a daeva
  3233 | D        | Killed a daeva
  3440 | D        | Noticed a deep elf blademaster
  3441 | D        | Noticed a fire giant
  3444 | D        | Killed a deep elf blademaster
  3447 | D        | Noticed a tentacled monstrosity
  3456 | D        | Killed a fire giant
  3463 | D        | Killed a tentacled monstrosity
  3474 | D        | Noticed a titan
  3489 | D        | Killed a titan
  3490 | D        | Reached skill level 27 in Invocations
  3640 | D        | Noticed an Ice Fiend
  3642 | D        | Noticed a fire giant
  3652 | D        | Killed an Ice Fiend
  3655 | D        | Noticed a pearl dragon
  3655 | D        | Killed a fire giant
  3669 | D        | Killed a pearl dragon
  4371 | D        | Noticed a lich
  4372 | D        | Killed a lich
  4393 | D        | Got a silver rune of Zot
  4399 | D        | Got Qoots's Encyclopedia of Fog and the Mob
  4492 | D        | Reached XP level 16. HP: 68/158 MP: 24/33
  4691 | D        | Noticed Antaeus
  4740 | D        | Killed Antaeus
  4799 | D        | Noticed a Hell Sentinel
  4805 | D        | Killed a Hell Sentinel
  5098 | D        | Reached skill level 15 in Shields
  5267 | D        | Noticed a deep elf master archer
  5274 | D        | Killed a deep elf master archer
  5365 | D        | Noticed Frederick
  5366 | D        | Noticed a profane servitor
  5367 | D        | Noticed a deep elf blademaster
  5369 | D        | Noticed a bone dragon
  5371 | D        | Noticed a deep elf master archer
  5374 | D        | Noticed Dissolution
  5374 | D        | Killed a deep elf master archer
  5374 | D        | Killed Frederick
  5374 | D        | Killed a deep elf blademaster
  5374 | D        | Killed Dissolution
  5377 | D        | Killed a profane servitor
  5385 | D        | Killed a bone dragon
  5539 | D        | Noticed a deep elf master archer
  5542 | D        | Killed a deep elf master archer
  5601 | D        | Got the ring "Riyleg" {Wiz Fly rPois rCorr Str-4}
  5603 | D        | Got the ring "Tedayjit" {*Slow Will+ rCorr Dex+4 Slay+3}
  5605 | D        | Got the ring of Wuegoed {rCorr Dex+6}
  5607 | D        | Got the ring of Hoogg {Ice Int+4 Stlth+}
  5659 | D        | Got the ring "Becorghu Yhap" {rN+++ EV+5 Str-2 Int-3 Dex+2}
  5661 | D        | Got the ring of Amelioration {Drain rN+ Will+ MP+9}
  5663 | D        | Got the ring of Bivofecs {Wiz Dex+3}
  5665 | D        | Got the ring "Jedabomu" {Wiz rN+}
  5700 | D        | Upgraded the game from 0.30-a0-956-gcec3b41aec to
                  | 0.30-a0-964-gd452b5e7fa
  5910 | D        | Noticed an orb of fire
  5922 | D        | Killed an orb of fire
  5923 | D        | Reached XP level 17. HP: 152/173 MP: 25/34
  5924 | D        | Noticed Xtahua
  5933 | D        | Killed Xtahua
  5946 | D        | Noticed a curse toe
  5946 | D        | Noticed a Brimstone Fiend
  5950 | D        | Killed a curse toe
  5951 | D        | Reached skill level 27 in Fighting
  5952 | D        | Killed a Brimstone Fiend
  6123 | D        | Noticed a titan
  6127 | D        | Killed a titan
  6130 | D        | Noticed the Serpent of Hell
  6149 | D        | Killed the Serpent of Hell
  6162 | D        | Noticed a royal mummy
  6171 | D        | Killed a royal mummy
  6282 | D        | Noticed a Killer Klown
  6291 | D        | Killed a Killer Klown
  6294 | D        | Noticed an orb of fire
  6315 | D        | Killed an orb of fire
  6344 | D        | Noticed a Tzitzimitl
  6348 | D        | Killed a Tzitzimitl
  6366 | D        | Reached skill level 27 in Unarmed Combat
  6378 | D        | Noticed an electric golem
  6391 | D        | Killed an electric golem
  6524 | D        | Noticed an Ice Fiend
  6524 | D        | Noticed an orb of fire
  6539 | D        | Killed an orb of fire
  6546 | D        | Killed an Ice Fiend
  6561 | D        | Noticed Lihivay the pandemonium lord
  6575 | D        | Killed Lihivay the pandemonium lord
  6579 | D        | Noticed a Brimstone Fiend
  6585 | D        | Killed a Brimstone Fiend
  6594 | D        | Noticed Kicalli the pandemonium lord
  6607 | D        | Killed Kicalli the pandemonium lord
  6609 | D        | Noticed a titan
  6609 | D        | Noticed Mara
  6611 | D        | Noticed Louise
  6611 | D        | Noticed Lom Lobon
  6611 | D        | Killed Louise
  6619 | D        | Killed a titan
  6625 | D        | Noticed a titan
  6634 | D        | Killed a titan
  6637 | D        | Noticed a Hell Sentinel
  6637 | D        | Noticed a Brimstone Fiend
  6647 | D        | Killed a Brimstone Fiend
  6648 | D        | Gained mutation: Your magical and physical power is
                  | slightly enhanced at high health. [demonic ancestry]
  6648 | D        | Reached XP level 18. HP: 80/182 MP: 17/35
  6655 | D        | Killed a Hell Sentinel
  6662 | D        | HP: 4/182 [spore (39)]
  6665 | D        | Killed from afar by Lom Lobon

Illustrated notes

Levels and vault maps discovered:
D:        pitsprint [storerooms_1, entrance_room_1, metal_vault_1, armoury_3,
          mini_pit_1, grid_room_1, main_hall_1, silver_pit, the_coven_1,
          the_vestibule_1, steel_vault_3, golden_pit, hallway_of_sentries,
          crystal_vault_6, iron_vault_4, final_vault]

Skill      XL: |  1  2  3  4  5  6  7  8  9 10 11 12 13 14 15 16 17 |
---------------+----------------------------------------------------+-----
Stealth        | 2 3 |  3.0
Dodging        | 3 5 7 9 10 11 12 14 16 20 25 | 25.2
Unarmed Combat | 3 5 7 8 9 10 11 12 14 16 17 19 22 25 27 | 27.0
Fighting       | 5 6 7 8 9 10 11 13 14 16 18 21 23 26 27 | 27.0
Invocations    | 4 6 9 11 13 15 17 20 22 25 27 | 27.0
Armour         | 2 5 7 10 14 16 18 19 | 19.8
Shields        | 7 10 13 18 23 | 23.6

Action                     |  1- 3 |  4- 6 |  7- 9 | 10-12 | 13-15 | 16-18 || total
---------------------------+-------+-------+-------+-------+-------+-------++-------
  Melee: Unarmed           |    27 |    40 |    66 |   161 |   197 |   394 ||   885
         Touch             |       |     8 |    11 |    28 |       |       ||    47
         Punch             |       |     1 |     4 |    11 |       |       ||    16
 Invoke: Upheaval          |       |     3 |     5 |    19 |    29 |     5 ||    61
         Disaster Area     |       |       |       |     6 |     9 |     3 ||    18
         Elemental Force   |       |       |       |     1 |     1 |     1 ||     3
  Evoke: Lightning rod     |       |       |       |       |     5 |       ||     5
         Wand              |       |       |       |       |     1 |       ||     1
    Use: Potion            |       |       |       |     6 |     5 |    18 ||    29
         Scroll            |       |       |       |     3 |       |       ||     3
   Stab: Distracted        |       |       |       |     1 |       |       ||     1
 Armour: Robe              |     1 |     2 |       |       |       |       ||     3
         Ring mail         |       |     2 |     7 |    23 |       |       ||    32
         Chain mail        |       |       |       |     6 |    33 |       ||    39
         Plate armour      |       |       |       |       |       |    29 ||    29
  Dodge: Dodged            |    19 |    20 |    29 |    75 |    77 |    94 ||   314
         Repelled          |       |       |       |       |     3 |    12 ||    15
  Block: Other             |     1 |    17 |    21 |    72 |       |       ||   111
         Buckler           |       |       |       |    39 |   194 |   231 ||   464
         Reflection        |       |       |       |       |     4 |     5 ||     9

Table legend: (Time is in decaauts)
 A = Elapsed time spent in this place.
 B = Non-inter-level travel time spent in this place.
 C = Inter-level travel time spent in this place.
 D = Time resting spent in this place.
 E = Time spent auto-exploring this place.
 F = Levels seen in this place.
 G = Mean time per level.
                   A        B        C        D        E       F      G
               +--------+--------+--------+--------+--------+-----+--------+
         Total |   6291 |   6180 |    111 |   2897 |    110 |   1 | 6291.0 |
       Dungeon |   6291 |   6180 |    111 |   2897 |    110 |   1 | 6291.0 |
               +--------+--------+--------+--------+--------+-----+--------+

Top non-repeatable levels by time:
       D: 6291 daAuts
